 Dungeon Crawl Stone Soup version 0.23-a0-473-gc8aadda88e (webtiles) character file.

11 Apachew the Skirmisher (level 2, -2/24 HPs)
             Began as a Formicid Abyssal Knight on Nov 28, 2018.
             Was a Follower of Lugonu.
             Slain by a gnoll
             ... wielding a +0 vampiric halberd
              (11 damage)
             ... on level 1 of the Dungeon.
             The game lasted 00:02:13 (314 turns).

Apachew the Skirmisher (Formicid Abyssal Knight)     Turns: 314, Time: 00:02:14

Health: -2/24      AC:  3    Str: 16    XL:     2   Next: 35%
Magic:  3/3        EV: 11    Int: 11    God:    Lugonu [*.....]
Gold:   21         SH:  0    Dex: 10    Spells: 1/1 levels left

rFire    . . .     SeeInvis +   a - +1 hand axe
rCold    . . .     Gourm    .   (no shield)
rNeg     . . .     Faith    .   b - +0 leather armour
rPois    .         Spirit   .   (helmet unavailable)
rElec    .         Reflect  .   (no cloak)
rCorr    .         Harm     .   (no gloves)
MR       .....                  (no boots)
Stlth    +.........             (no amulet)
HPRegen  0.08/turn              (no ring)
MPRegen  0.08/turn              (no ring)

@: no status effects
A: permanent stasis, dig shafts and tunnels, four strong arms, antennae 3
a: Dig, Shaft Self, Depart the Abyss, Renounce Religion


You were on level 1 of the Dungeon.
You worshipped Lugonu.
Lugonu was aware of your devotion.
You were not hungry.

You visited 1 branch of the dungeon, and saw 1 of its levels.
You visited the Abyss 1 time.

You collected 21 gold pieces.

Inventory:

Hand Weapons
 a - a +1 hand axe (weapon)
Armour
 b - a +0 leather armour (worn)
Scrolls
 d - a scroll of fear {unknown}
 g - a scroll of remove curse {unknown}
Potions
 e - a potion of mutation {unknown}
 h - a potion of degeneration {unknown}
Comestibles
 c - 3 rations


   Skills:
 - Level 3.4 Fighting
 * Level 2.4 Axes
 - Level 2.3 Armour
 - Level 0.8 Dodging
 + Level 2.4 Invocations


You had one spell level left.
You didn't know any spells.
Your spell library was empty.

Dungeon Overview and Level Annotations

Branches:
Dungeon (1/15)

Altars:


Innate Abilities, Weirdness & Mutations

You cannot be hasted, slowed, berserked, paralysed or teleported.
You can dig through walls and to a lower floor.
Your four strong arms can wield two-handed weapons with a shield.
You have a pair of large antennae on your head. (SInv)


Message History

The giant cockroach bites you but does no damage.
The giant cockroach closely misses you.
You barely miss the giant cockroach. The giant cockroach misses you. x2
You hit the giant cockroach.
The giant cockroach is almost dead.
The giant cockroach closely misses you. The giant cockroach closely misses you.
The giant cockroach barely misses you.
The giant cockroach bites you but does no damage.
The giant cockroach barely misses you. The giant cockroach closely misses you.
You closely miss the giant cockroach.
The giant cockroach is almost dead.
The giant cockroach bites you but does no damage.
The giant cockroach bites you.
You slash the giant cockroach!
You kill the giant cockroach!
Lugonu accepts your kill.
The gnoll hits you from afar with a +0 vampiric halberd!
You die...

#.......# #........####...#
#.......# #........# ###.#
#.......### #........# #.#
#.........# #........# #..
#.......#.## ###........# #..
#####.###..####......#####
#.# #....#..........## #.#
####..##......g.###########.#
##..#....@###............#
#####
#.....##..##..############
##...###...####...#.####
#........#..##.........#
......)..##g##.........#
.....)).###..#.........#
......#..##..#..........
.....###...............#
....## ##..............#


You could see a gnoll.

Vanquished Creatures
  A bat (D:1)
  A giant cockroach (D:1)
  2 goblins (D:1)
  3 hobgoblins (D:1)
  2 rats (D:1)
9 creatures vanquished.

Notes
Turn   | Place    | Note
-------+----------+-------------------------------------------
     0 | Abyss:1  | Apachew the Formicid Abyssal Knight began the quest for the
                  | Orb.
     0 | Abyss:1  | Reached XP level 1. HP: 18/18 MP: 2/2
     7 | D:1      | Escaped the Abyss
   113 | D:1      | Reached XP level 2. HP: 17/24 MP: 3/3
   159 | D:1      | HP: 1/24 [gnoll/+0 vampiric halberd (13)]
   314 | D:1      | Slain by a gnoll

Vault maps used:
D:1:      psy_arrival_dodecagon

Action                   || total
-------------------------++-------
Melee: Hand axe          ||    32
Armor: Leather armour    ||    25
Dodge: Dodged            ||    48

Table legend:
 A = Non-vault XP
 B = Vault XP
 C = Vault XP percentage of total XP
 D = Non-vault monster count
 E = Vault monster count
 F = Vault count percentage of total count
                 A         B        C        D         E       F
            +---------+---------+-------+---------+---------+-------
      Total |      16 |       0 |   0.0 |       9 |       0 |   0.0
            +---------+---------+-------+---------+---------+-------
        D:1 |      16 |       0 |   0.0 |       9 |       0 |   0.0
            +---------+---------+-------+---------+---------+-------
